MWL (24 & UNDER)
WISCONSIN RAPIDS RANGERS @ MINNESOTA DEATH STARS
08/25/2027
 
TOP OF THE 1ST
Wisconsin Rapids Rangers batting - Pitching for Minnesota Death Stars : RHP José Castro
Pitching: RHP José Castro
Batting: LHB Ronald Gordon 0-0: Ball
1-0: Ball
2-0: Foul Ball, location: 2F
2-1: Swinging Strike
2-2: Foul Ball, location: 2F
2-2: Strikes out swinging
Batting: LHB Javier Mejía 0-0: Ball
1-0: Ball
2-0: Called Strike
2-1: Swinging Strike
2-2: Strikes out swinging
Batting: RHB Wilfred Martin 0-0: Called Strike
0-1: Ball
1-1: Ball
2-1: Foul Ball, location: 2F
2-2: Strikes out looking
Top of the 1st over - 0 run(s), 0 hit(s), 0 error(s), 0 left on base; Wisconsin Rapids 0 - Minnesota 0
BOTTOM OF THE 1ST
Minnesota Death Stars batting - Pitching for Wisconsin Rapids Rangers : LHP Wilson Ramos
Pitching: LHP Wilson Ramos
Batting: RHB William Robinson 0-0: Called Strike
0-1: Ground out 3-1 (Groundball, 34)
Batting: RHB Mike Wagner 0-0: Called Strike
0-1: Ball
1-1: Foul Ball, location: 2F
1-2: Ball
2-2: DOUBLE (Line Drive, 78M)
Batting: RHB Gabriel Ángel 0-0: Ball
1-0: Ball
2-0: Swinging Strike
2-1: Foul Ball, location: 2F
2-2: Strikes out swinging
Batting: RHB Raúl Flores 0-0: Swinging Strike
0-1: SINGLE (Line Drive, 34D)
Mike Wagner to third
Runner from 3rd tries for Home, SAFE, no throw
Batting: LHB Shannon Hunter 0-0: Ball
1-0: Ball
2-0: Fly out, F8 (Flyball, 8LM)
Bottom of the 1st over - 1 run(s), 2 hit(s), 0 error(s), 1 left on base; Wisconsin Rapids 0 - Minnesota 1
TOP OF THE 2ND
Wisconsin Rapids Rangers batting - Pitching for Minnesota Death Stars : RHP José Castro
Batting: LHB Luis Rodríguez 0-0: Ball
1-0: Swinging Strike
1-1: Foul Ball, location: 2F
1-2: Ball
2-2: Strikes out looking
Batting: LHB Ángelo Lara 0-0: Ball
1-0: Foul Ball, location: 2F
1-1: Ball
2-1: DOUBLE (Line Drive, 9LM)
Batting: SHB Jacob Wilcox 0-0: Ground out 4-3 (Groundball, 4)
Ángelo Lara to third
Batting: LHB Jean-Sébastien Beaudin 0-0: Ball
1-0: Ground out 4-3 (Groundball, 4S)
Top of the 2nd over - 0 run(s), 1 hit(s), 0 error(s), 1 left on base; Wisconsin Rapids 0 - Minnesota 1
BOTTOM OF THE 2ND
Minnesota Death Stars batting - Pitching for Wisconsin Rapids Rangers : LHP Wilson Ramos
Batting: RHB José Rosales 0-0: Ball
1-0: Foul Ball, location: 2F
1-1: Ball
2-1: Foul Ball, location: 2F
2-2: Strikes out swinging
Batting: LHB Matt Ruskin 0-0: Called Strike
0-1: Ball
1-1: Ball
2-1: Reached on error, E4 (Groundball, 4S)
Batting: LHB Júlio Córdova 0-0: Ball
1-0: Ball
2-0: Foul Ball, location: 2F
2-1: Fielders Choice at 2nd, 1-4 (Groundball, 15S)
Batting: RHB Vaughan Tillman 0-0: Ball
1-0: Ball
Júlio Córdova is caught stealing 2nd base
Bottom of the 2nd over - 0 run(s), 0 hit(s), 1 error(s), 0 left on base; Wisconsin Rapids 0 - Minnesota 1
TOP OF THE 3RD
Wisconsin Rapids Rangers batting - Pitching for Minnesota Death Stars : RHP José Castro
Batting: RHB Carlos Miranda 0-0: Ball
1-0: SINGLE (Groundball, 4D)
Batting: RHB Luis López 0-0: Ball
1-0: Foul Ball, location: 2F
1-1: Ground out 5-3 (Groundball, 5S)
Carlos Miranda to second
Batting: LHB Ronald Gordon 0-0: Ball
1-0: Swinging Strike
1-1: Fly out, F8 (Flyball, 8LD)
Runner from 2nd tags up, SAFE at 3rd, no throw
Batting: LHB Javier Mejía 0-0: Ball
1-0: SINGLE (Groundball, 56D)
Carlos Miranda scores
Batting: RHB Wilfred Martin 0-0: Fly out, F8 (Line Drive, 8RM)
Top of the 3rd over - 1 run(s), 2 hit(s), 0 error(s), 1 left on base; Wisconsin Rapids 1 - Minnesota 1
BOTTOM OF THE 3RD
Minnesota Death Stars batting - Pitching for Wisconsin Rapids Rangers : LHP Wilson Ramos
Batting: RHB Vaughan Tillman 0-0: Ball
1-0: Foul Ball, location: 2F
1-1: Foul Ball, location: 2F
1-2: Ball
2-2: Foul Ball, location: 2F
2-2: Strikes out swinging
Batting: RHB William Robinson 0-0: Ball
1-0: Called Strike
1-1: Swinging Strike
1-2: Ball
2-2: Strikes out looking
Batting: RHB Mike Wagner 0-0: Foul Ball, location: 2F
0-1: Ball
1-1: Ball
2-1: Ground out 4-3 (Groundball, 4M)
Bottom of the 3rd over - 0 run(s), 0 hit(s), 0 error(s), 0 left on base; Wisconsin Rapids 1 - Minnesota 1
TOP OF THE 4TH
Wisconsin Rapids Rangers batting - Pitching for Minnesota Death Stars : RHP José Castro
Batting: LHB Luis Rodríguez 0-0: Foul Ball, location: 2F
0-1: Ball
1-1: Ball
2-1: Foul Ball, location: 2F
2-2: Ball
3-2: Foul Ball, location: 2F
3-2: Base on Balls
Batting: LHB Ángelo Lara 0-0: Ball
1-0: Ball
2-0: Called Strike
2-1: Ball
3-1: Foul Ball, location: 2F
3-2: Strikes out swinging
Batting: SHB Jacob Wilcox 0-0: Called Strike
0-1: Ball
1-1: Ball
2-1: Swinging Strike
2-2: Foul Ball, location: 2F
2-2: Strikes out swinging
Batting: LHB Jean-Sébastien Beaudin 0-0: Called Strike
0-1: Ball
1-1: Foul Ball, location: 2F
1-2: SINGLE (Groundball, 6D)
Luis Rodríguez to second
Batting: RHB Carlos Miranda 0-0: Ball
1-0: Ball
2-0: Called Strike
2-1: Foul Ball, location: 2F
2-2: Strikes out swinging
Top of the 4th over - 0 run(s), 1 hit(s), 0 error(s), 2 left on base; Wisconsin Rapids 1 - Minnesota 1
BOTTOM OF THE 4TH
Minnesota Death Stars batting - Pitching for Wisconsin Rapids Rangers : LHP Wilson Ramos
Batting: RHB Gabriel Ángel 0-0: Ball
1-0: Ball
2-0: Ball
3-0: Base on Balls
Batting: RHB Raúl Flores 0-0: SINGLE (Line Drive, 8LS)
Gabriel Ángel to second
Batting: LHB Shannon Hunter 0-0: Foul Ball, location: 2F
0-1: Ball
1-1: Ball
2-1: Swinging Strike
2-2: Fielders Choice at 2nd, 4-6 (Groundball, 4)
Gabriel Ángel to third
Batting: RHB José Rosales 0-0: Ball
1-0: Swinging Strike
1-1: Swinging Strike
1-2: Strikes out swinging
Batting: LHB Matt Ruskin 0-0: TRIPLE (Line Drive, 9LS)
Gabriel Ángel scores
Shannon Hunter scores
Batting: LHB Júlio Córdova 0-0: Called Strike
0-1: Ball
1-1: Ground out 5-3 (Groundball, 56S)
Bottom of the 4th over - 2 run(s), 2 hit(s), 0 error(s), 1 left on base; Wisconsin Rapids 1 - Minnesota 3
TOP OF THE 5TH
Wisconsin Rapids Rangers batting - Pitching for Minnesota Death Stars : RHP José Castro
Batting: RHB Luis López 0-0: Called Strike
0-1: Ball
1-1: Called Strike
1-2: Foul Ball, location: 2F
1-2: Ground out 5-3 (Groundball, 5L)
Batting: LHB Ronald Gordon 0-0: Ball
1-0: Called Strike
1-1: Swinging Strike
1-2: Strikes out looking
Batting: LHB Javier Mejía 0-0: Foul Ball, location: 2F
0-1: Foul Ball, location: 2F
0-2: Ball
1-2: Ball
2-2: Ball
3-2: SINGLE (Groundball, 5D)
Batting: RHB Wilfred Martin 0-0: Ball
1-0: Ball
Javier Mejía steals 2nd base
2-0: Fly out, F7 (Flyball, 78M)
Top of the 5th over - 0 run(s), 1 hit(s), 0 error(s), 1 left on base; Wisconsin Rapids 1 - Minnesota 3
BOTTOM OF THE 5TH
Minnesota Death Stars batting - Pitching for Wisconsin Rapids Rangers : LHP Wilson Ramos
Batting: RHB Vaughan Tillman 0-0: Ball
1-0: Foul Ball, location: 2F
1-1: Ball
2-1: Ground out 6-3 (Groundball, 6)
Batting: RHB William Robinson 0-0: Called Strike
0-1: Swinging Strike
0-2: Ball
1-2: SINGLE (Groundball, 25) (infield hit)
Batting: RHB Mike Wagner 0-0: SINGLE (Line Drive, 4MD)
William Robinson to second
Batting: RHB Gabriel Ángel 0-0: Foul Ball, location: 2F
0-1: Foul Ball, location: 2F
0-2: Foul Ball, location: 2F
0-2: Fly out, F8 (Flyball, 78S)
Batting: RHB Raúl Flores 0-0: Called Strike
0-1: SINGLE (Groundball, 4MD)
William Robinson to third
Mike Wagner to second
Runner from 3rd tries for Home, SAFE, no throw
Batting: LHB Shannon Hunter 0-0: Foul Ball, location: 2F
0-1: Foul Ball, location: 2F
0-2: Ball
1-2: Foul Ball, location: 2F
1-2: Fly out, F6 (Popup, 56D)
Bottom of the 5th over - 1 run(s), 3 hit(s), 0 error(s), 2 left on base; Wisconsin Rapids 1 - Minnesota 4
TOP OF THE 6TH
Wisconsin Rapids Rangers batting - Pitching for Minnesota Death Stars : RHP José Castro
Pitching: RHP Larry Phelps
Batting: LHB Luis Rodríguez 0-0: Foul Ball, location: 2F
0-1: Swinging Strike
0-2: Ball
1-2: Strikes out looking
Batting: LHB Ángelo Lara 0-0: Called Strike
0-1: Ball
1-1: Ball
2-1: Foul Ball, location: 2F
2-2: Foul Ball, location: 2F
2-2: SINGLE (Line Drive, 34D)
Batting: SHB Jacob Wilcox 0-0: SINGLE (Flyball, 7S)
Ángelo Lara to second
Batting: LHB Jean-Sébastien Beaudin 0-0: Fielders Choice at 2nd, 4-6 (Groundball, 4)
Ángelo Lara to third
Batting: RHB Carlos Miranda 0-0: Ball
1-0: Ball
2-0: Ball
3-0: Called Strike
3-1: SINGLE (Groundball, 6MD)
Ángelo Lara scores
Jean-Sébastien Beaudin to second
Batting: RHB Luis López 0-0: Swinging Strike
0-1: Foul Ball, location: 2F
0-2: Ball
1-2: Ball
2-2: Ball
3-2: Base on Balls
Jean-Sébastien Beaudin to third
Carlos Miranda to second
Batting: LHB Ronald Gordon 0-0: Ball
1-0: Ball
2-0: Ball
3-0: Base on Balls
Jean-Sébastien Beaudin scores
Carlos Miranda to third
Luis López to second
Batting: LHB Javier Mejía 0-0: Foul Ball, location: 2F
0-1: Swinging Strike
0-2: Foul Ball, location: 2F
0-2: Ball
1-2: Ball
2-2: Foul Ball, location: 2F
2-2: Foul Ball, location: 2F
2-2: Ball
3-2: Base on Balls
Carlos Miranda scores
Luis López to third
Ronald Gordon to second
Pitching: LHP Kurt Brown
Batting: RHB Wilfred Martin 0-0: Fielders Choice at 2nd, U4 (Groundball, 4M)
Top of the 6th over - 3 run(s), 3 hit(s), 0 error(s), 3 left on base; Wisconsin Rapids 4 - Minnesota 4
BOTTOM OF THE 6TH
Minnesota Death Stars batting - Pitching for Wisconsin Rapids Rangers : LHP Wilson Ramos
Pitching: LHP Sam Olson
Batting: RHB José Rosales 0-0: Ball
1-0: Swinging Strike
1-1: Ball
2-1: Called Strike
2-2: Foul Ball, location: 2F
2-2: Ball
3-2: Base on Balls
Batting: LHB Matt Ruskin 0-0: Ball
1-0: Called Strike
1-1: Ball
2-1: Foul Ball, location: 2F
2-2: Foul Ball, location: 2F
2-2: Strikes out swinging
Batting: LHB Júlio Córdova 0-0: Ball
1-0: Called Strike
1-1: Ball
2-1: Foul Ball, location: 2F
2-2: Strikes out swinging
José Rosales steals 2nd base
Batter strikes out.
Batting: RHB Vaughan Tillman 0-0: Ball
1-0: Called Strike
1-1: Ball
2-1: Foul Ball, location: 2F
2-2: Ball
3-2: Foul Ball, location: 2F
3-2: SINGLE (Line Drive, 34D)
José Rosales to third
José Rosales scores
Batting: RHB William Robinson 0-0: Ball
1-0: Ball
2-0: Ball
3-0: Called Strike
3-1: Foul Ball, location: 2F
3-2: Base on Balls
Vaughan Tillman to second
Batting: RHB Mike Wagner 0-0: Called Strike
0-1: Ball
1-1: Swinging Strike
1-2: Foul Ball, location: 2F
1-2: Strikes out swinging
Bottom of the 6th over - 1 run(s), 1 hit(s), 0 error(s), 2 left on base; Wisconsin Rapids 4 - Minnesota 5
TOP OF THE 7TH
Wisconsin Rapids Rangers batting - Pitching for Minnesota Death Stars : LHP Kurt Brown
Batting: LHB Luis Rodríguez 0-0: Ball
1-0: Ball
2-0: Called Strike
2-1: Foul Ball, location: 2F
2-2: Foul Ball, location: 2F
2-2: SINGLE (Line Drive, 8LS)
Batting: LHB Ángelo Lara 0-0: Called Strike
0-1: Ball
1-1: Ball
2-1: Fielders Choice at 2nd, 3-6 (Groundball, 3)
Batting: SHB Jacob Wilcox 0-0: Fly out, F9 (Flyball, 9)
Batting: LHB Jean-Sébastien Beaudin 0-0: SINGLE (Flyball, 7S)
Ángelo Lara to second
Batting: RHB Carlos Miranda 0-0: Ball
1-0: Ball
2-0: Called Strike
2-1: SINGLE (Groundball, 6D)
Ángelo Lara to third
Jean-Sébastien Beaudin to second
Runner from 3rd tries for Home, SAFE, no throw
Batting: RHB Luis López 0-0: Foul Ball, location: 2F
0-1: SINGLE (Groundball, 6MD)
Jean-Sébastien Beaudin to third
Carlos Miranda to second
Runner from 3rd tries for Home, SAFE, no throw
Batting: LHB Ronald Gordon 0-0: Ball
1-0: Called Strike
1-1: Foul Ball, location: 2F
1-2: Foul Ball, location: 2F
1-2: Ball
2-2: Foul Ball, location: 2F
2-2: Ball
3-2: Ground out 5-3 (Groundball, 56)
Top of the 7th over - 2 run(s), 4 hit(s), 0 error(s), 2 left on base; Wisconsin Rapids 6 - Minnesota 5
BOTTOM OF THE 7TH
Minnesota Death Stars batting - Pitching for Wisconsin Rapids Rangers : LHP Sam Olson
Batting: RHB Gabriel Ángel 0-0: Ball
1-0: Ball
2-0: Foul Ball, location: 2F
2-1: SINGLE (Groundball, 56D)
Batting: RHB Raúl Flores 0-0: Foul Ball, location: 2F
0-1: Swinging Strike
0-2: Ball
1-2: Foul Ball, location: 2F
1-2: Strikes out swinging
Pinch Hitting: RHB Earl Godwin 0-0: Foul Ball, location: 2F
0-1: Ball
1-1: Foul Ball, location: 2F
1-2: Strikes out swinging
Batting: RHB José Rosales 0-0: Ball
1-0: Called Strike
1-1: Called Strike
1-2: Strikes out swinging
Bottom of the 7th over - 0 run(s), 1 hit(s), 0 error(s), 1 left on base; Wisconsin Rapids 6 - Minnesota 5
TOP OF THE 8TH
Wisconsin Rapids Rangers batting - Pitching for Minnesota Death Stars : LHP Kurt Brown
Now at 1B: Pat Bray
Batting: LHB Javier Mejía 0-0: Foul Ball, location: 2F
0-1: Ball
1-1: Ball
2-1: Ball
3-1: Foul Ball, location: 2F
3-2: Foul Ball, location: 2F
3-2: Ground out 5-3 (Groundball, 56)
Pitching: RHP Tracy Key
Batting: RHB Wilfred Martin 0-0: Ball
1-0: Ball
2-0: Foul Ball, location: 2F
2-1: Ball
3-1: Ground out 4-3 (Groundball, 4)
Batting: LHB Luis Rodríguez 0-0: Called Strike
0-1: Called Strike
0-2: Ball
1-2: Ball
2-2: Ground out U3 (Groundball, 34)
Top of the 8th over - 0 run(s), 0 hit(s), 0 error(s), 0 left on base; Wisconsin Rapids 6 - Minnesota 5
BOTTOM OF THE 8TH
Minnesota Death Stars batting - Pitching for Wisconsin Rapids Rangers : LHP Sam Olson
Pitching: LHP Gregory Thompson
Batting: LHB Matt Ruskin 0-0: Called Strike
0-1: Ball
1-1: Ground out U3 (Groundball, 3)
Batting: LHB Júlio Córdova 0-0: Foul Ball, location: 2F
0-1: Ground out 3-1 (Groundball, 34)
Pitching: RHP Pablo Lima
Batting: RHB Vaughan Tillman 0-0: Foul Ball, location: 2F
0-1: Fly out, F9 (Flyball, 9S)
Bottom of the 8th over - 0 run(s), 0 hit(s), 0 error(s), 0 left on base; Wisconsin Rapids 6 - Minnesota 5
TOP OF THE 9TH
Wisconsin Rapids Rangers batting - Pitching for Minnesota Death Stars : RHP Tracy Key
Batting: LHB Ángelo Lara 0-0: Ground out 4-3 (Groundball, 4S)
Batting: SHB Jacob Wilcox 0-0: Swinging Strike
0-1: Ball
1-1: SINGLE (Groundball, 56D)
Batting: LHB Jean-Sébastien Beaudin 0-0: Foul Ball, location: 2F
0-1: Ball
1-1: Swinging Strike
1-2: Strikes out swinging
Batting: RHB Carlos Miranda 0-0: Foul Ball, location: 2F
0-1: 2-RUN HOME RUN (Flyball, 7D), Distance : 385 ft
Batting: RHB Luis López 0-0: Ball
1-0: Ball
2-0: Ball
3-0: Called Strike
3-1: Called Strike
3-2: Ground out 5-3 (Groundball, 5L)
Top of the 9th over - 2 run(s), 2 hit(s), 0 error(s), 0 left on base; Wisconsin Rapids 8 - Minnesota 5
BOTTOM OF THE 9TH
Minnesota Death Stars batting - Pitching for Wisconsin Rapids Rangers : RHP Pablo Lima
Pitching: RHP José Padilla
Batting: RHB William Robinson 0-0: Called Strike
0-1: Swinging Strike
0-2: Ball
1-2: Ball
2-2: Strikes out swinging
Batting: RHB Mike Wagner 0-0: Ball
1-0: Ball
2-0: Ball
3-0: Called Strike
3-1: Called Strike
3-2: Ground out 5-3 (Groundball, 5L)
Batting: RHB Gabriel Ángel 0-0: SINGLE (Line Drive, 9S)
Batting: RHB Raúl Flores 0-0: Ball
1-0: Ground out U3 (Groundball, 34S)
Bottom of the 9th over - 0 run(s), 1 hit(s), 0 error(s), 1 left on base; Wisconsin Rapids 8 - Minnesota 5
Thursday, March 30th, 2017 - OOTP Baseball 17.12 Build 75